[Event "Fagernes Chess Open 2024"]
[Site "Fagernes"]
[Date "2024.03.25"]
[Round "2"]
[White "Hausken, Andreas Skrede"]
[Black "Johansson, Henrik"]
[Result "1/2-1/2"]
[ECO "B01"]
[WhiteElo "1963"]
[BlackElo "1736"]
[Annotator "NA RC"]
[PlyCount "113"]
[EventDate "2024.03.25"]
[EventType "swiss"]
[EventCountry "NOR"]
[SourceTitle "playchess.com"]
[Source "ChessBase"]
[SourceQuality "1"]
[TimeControl "40/6000+30:2400+30"]

1. e4 d5 2. exd5 Nf6 3. d4 Bg4 4. f3 Bf5 5. c4 e6 6. dxe6 fxe6 7. Be3 Bb4+ 8. Nc3 O-O 9. Bd3 Nc6 10. a3 Nxd4 11. Bxf5 Bxc3+ 12. bxc3 Nxf5 13. Bf2 Qxd1+ 14. Rxd1 Nd6 15. c5 Nb5 16. Rb1 Nxc3 17. Rb3 Ncd5 18. Ne2 b6 19. O-O Nd7 20. c6 Ne5 21. Nd4 Nc4 22. Rc1 Na5 23. Rb2 e5 24. Ne2 Ne7 25. Rbc2 Rf6 26. Be1 Naxc6 27. Bh4 Re6 28. Bxe7 Nxe7 29. Rxc7 Nd5 30. Rd7 Nf4 31. Ng3 h5 32. Rcc7 Rg6 33. Nf5 Rxg2+ 34. Kf1 Rg5 35. Nxg7 Rf8 36. Ke1 Rg1+ 37. Kd2 Rg2+ 38. Kc3 Nd5+ 39. Rxd5 Rxf3+ 40. Rd3 Rxd3+ 41. Kxd3 Rxg7 42. Rc8+ Kf7 43. Rh8 Kg6 44. Ke4 Re7 45. Rg8+ Kh6 46. h4 Rc7 47. Ra8 Rc4+ 48. Kxe5 Rxh4 49. Rxa7 Rc4 50. Ra6 Rc5+ 51. Kf4 Rb5 52. a4 Rb4+ 53. Kf5 h4 54. a5 h3 55. Rxb6+ Rxb6 56. axb6 h2 57. b7 1/2-1/2

[Event "Fagernes Chess Open 2024"]
[Site "Fagernes"]
[Date "2024.03.25"]
[Round "2"]
[White "Kittilsen, Sigurd"]
[Black "Vreugdenhil, Maarten"]
[Result "1-0"]
[ECO "B40"]
[WhiteElo "1910"]
[BlackElo "1721"]
[Annotator "NA RC"]
[PlyCount "73"]
[EventDate "2024.03.25"]
[EventType "swiss"]
[EventCountry "NOR"]
[SourceTitle "playchess.com"]
[Source "ChessBase"]
[SourceQuality "1"]
[TimeControl "40/6000+30:2400+30"]

1. e4 c5 2. Nf3 e6 3. d4 cxd4 4. Nxd4 Nf6 5. Nc3 a6 6. e5 Ng8 7. Be3 Qc7 8. f4 d6 9. exd6 Bxd6 10. Qd2 Bd7 11. Ne4 Be7 12. Bd3 Nf6 13. O-O-O Nc6 14. Kb1 Nxe4 15. Bxe4 Bf6 16. g4 O-O-O 17. Qf2 Nxd4 18. Bxd4 Bxd4 19. Rxd4 Bc6 20. Rc4 Qd6 21. Qf3 Kb8 22. Bxc6 bxc6 23. Rxc6 Qd5 24. Qxd5 Rxd5 25. Rxa6 Rd4 26. Rf1 Rhd8 27. Kc1 Rd2 28. h3 Rh2 29. Ra3 Rdd2 30. Rb3+ Kc7 31. Rc3+ Kb6 32. a4 f6 33. Re1 Rd6 34. Rce3 Rdd2 35. Rc3 Rd4 36. Rxe6+ Kb7 37. b3 1-0

[Event "Fagernes Chess Open 2024"]
[Site "Fagernes"]
[Date "2024.03.25"]
[Round "2"]
[White "Rolstad, Morten"]
[Black "Sushrutha, Reddy"]
[Result "1/2-1/2"]
[ECO "B52"]
[WhiteElo "1879"]
[BlackElo "1707"]
[Annotator "NA RC"]
[PlyCount "98"]
[EventDate "2024.03.25"]
[EventType "swiss"]
[EventCountry "NOR"]
[SourceTitle "playchess.com"]
[Source "ChessBase"]
[SourceQuality "1"]
[TimeControl "40/6000+30:2400+30"]

1. e4 c5 2. Nf3 d6 3. Bb5+ Bd7 4. Bxd7+ Qxd7 5. O-O Nc6 6. Qe2 Nf6 7. Rd1 g6 8. c3 Bg7 9. d4 cxd4 10. cxd4 d5 11. e5 Ne4 12. Nbd2 Nxd2 13. Bxd2 O-O 14. Rac1 Rac8 15. Rc3 Rc7 16. Rdc1 Rfc8 17. Qb5 e6 18. h3 h6 19. a4 Kh7 20. g3 Qe7 21. Kg2 Bf8 22. h4 Nd8 23. Rxc7 Rxc7 24. Rxc7 Qxc7 25. Qd3 Kg8 26. Nh2 Qc4 27. Qxc4 dxc4 28. Ng4 Nc6 29. Bc3 a6 30. a5 Bb4 31. Bxb4 Nxb4 32. Ne3 Nc6 33. Nxc4 Nxd4 34. Nd6 Nc6 35. Nxb7 Nxe5 36. Nc5 Nc6 37. Nxa6 Nxa5 38. b4 Nb7 39. Kf3 Kf8 40. Ke4 Ke7 41. Kd4 Kd6 42. b5 e5+ 43. Kc4 f5 44. Nb8 g5 45. hxg5 hxg5 46. Nc6 g4 47. Kd3 Nc5+ 48. Ke3 Ne6 49. Kd3 Nc5+ 1/2-1/2

[Event "Fagernes Chess Open 2024"]
[Site "Fagernes"]
[Date "2024.03.25"]
[Round "2"]
[White "Strand, Amund Pihl"]
[Black "Lie, Bjorn"]
[Result "1-0"]
[ECO "D80"]
[WhiteElo "1860"]
[BlackElo "1690"]
[Annotator "NA RC"]
[PlyCount "35"]
[EventDate "2024.03.25"]
[EventType "swiss"]
[EventCountry "NOR"]
[SourceTitle "playchess.com"]
[Source "ChessBase"]
[SourceQuality "1"]
[TimeControl "40/6000+30:2400+30"]

1. d4 Nf6 2. c4 g6 3. Nc3 d5 4. h4 Bg7 5. h5 gxh5 6. cxd5 Nxd5 7. e4 Nxc3 8. bxc3 c5 9. Rxh5 cxd4 10. Rd5 Qc7 11. cxd4 Nd7 12. Be3 a6 13. Rc1 Qb8 14. Qg4 Nf6 15. Qxg7 Rg8 16. Rd8+ Kxd8 17. Qxf7 Rg6 18. e5 1-0

[Event "Fagernes Chess Open 2024"]
[Site "Fagernes"]
[Date "2024.03.25"]
[Round "2"]
[White "Lahlum, Ida"]
[Black "Andersen, Dag"]
[Result "1-0"]
[ECO "B54"]
[WhiteElo "1755"]
[BlackElo "1899"]
[Annotator "NA RC"]
[PlyCount "61"]
[EventDate "2024.03.25"]
[EventType "swiss"]
[EventCountry "NOR"]
[SourceTitle "playchess.com"]
[Source "ChessBase"]
[SourceQuality "1"]
[TimeControl "40/6000+30:2400+30"]

1. d4 Nf6 2. c4 c5 3. Nf3 cxd4 4. Nxd4 Nc6 5. Nxc6 bxc6 6. Nc3 e6 7. e4 d6 8. e5 dxe5 9. Qxd8+ Kxd8 10. a3 a5 11. Be3 Kc7 12. O-O-O Be7 13. Na4 Nd7 14. Be2 f5 15. f3 Rb8 16. c5 Nf6 17. Bd2 Ra8 18. Nb6 Ra7 19. Nc4 Bxc5 20. Bxa5+ Kb7 21. Bc3 Bd4 22. Bxd4 exd4 23. Rxd4 Nd5 24. Ne5 Kc7 25. Rc4 Bb7 26. Kb1 Rd8 27. Rhc1 Ne7 28. R4c2 Ra5 29. f4 Rd4 30. g3 Kb6 31. Nc4+ 1-0

[Event "Fagernes Chess Open 2024"]
[Site "Fagernes"]
[Date "2024.03.25"]
[Round "2"]
[White "Vollheim, Daniel O"]
[Black "Spanton, Tim R"]
[Result "0-1"]
[ECO "D12"]
[WhiteElo "1713"]
[BlackElo "1876"]
[Annotator "NA RC"]
[PlyCount "132"]
[EventDate "2024.03.25"]
[EventType "swiss"]
[EventCountry "NOR"]
[SourceTitle "playchess.com"]
[Source "ChessBase"]
[SourceQuality "1"]
[TimeControl "40/6000+30:2400+30"]

1. c4 e6 2. Nc3 d5 3. cxd5 exd5 4. d4 c6 5. Nf3 Bf5 6. e3 Bd6 7. Bd3 Bxd3 8. Qxd3 Nf6 9. Bd2 O-O 10. O-O Nbd7 11. Rfe1 Re8 12. Rad1 Ne4 13. h3 Re6 14. Qc2 Ndf6 15. Nxe4 Nxe4 16. Bc3 Rf6 17. Qe2 Qd7 18. Rf1 Re8 19. Nd2 Qf5 20. Nxe4 Rxe4 21. f4 Bxf4 22. Rf3 Qe6 23. Re1 Bc7 24. Rxf6 Qxf6 25. Rf1 Qg5 26. Bd2 Qe7 27. Qf3 h6 28. a3 Re6 29. Qg4 Rg6 30. Qc8+ Kh7 31. Qf5 Kg8 32. Qc8+ Bd8 33. Kh1 Qc7 34. Qxc7 Bxc7 35. Kg1 Re6 36. Rf3 Bd8 37. Kf2 Rf6 38. Ke2 Rxf3 39. Kxf3 Bg5 40. Kg4 g6 41. h4 f5+ 42. Kh3 Bf6 43. b4 Kf7 44. g4 Ke6 45. Be1 Be7 46. Bg3 a5 47. Be1 Bd6 48. Bd2 b6 49. bxa5 bxa5 50. Bxa5 Bxa3 51. Bc7 Be7 52. Bb6 g5 53. h5 Bb4 54. Kg3 Bd2 55. Kf3 fxg4+ 56. Kxg4 Bxe3 57. Bc5 Bg1 58. Bb6 Bh2 59. Bc5 Bd6 60. Bb6 Kd7 61. Kf5 Kc8 62. Kg6 g4 63. Ba5 g3 64. Be1 g2 65. Bf2 Bh2 66. Kxh6 g1=Q 0-1

[Event "Fagernes Chess Open 2024"]
[Site "Fagernes"]
[Date "2024.03.25"]
[Round "2"]
[White "Damiano, Sophie"]
[Black "Ali, Karim"]
[Result "1-0"]
[ECO "D02"]
[WhiteElo "1691"]
[BlackElo "1855"]
[Annotator "NA RC"]
[PlyCount "101"]
[EventDate "2024.03.25"]
[EventType "swiss"]
[EventCountry "NOR"]
[SourceTitle "playchess.com"]
[Source "ChessBase"]
[SourceQuality "1"]
[TimeControl "40/6000+30:2400+30"]

1. d4 Nf6 2. Nf3 e6 3. g3 c5 4. Bg2 cxd4 5. Nxd4 d5 6. O-O e5 7. Nb3 Nc6 8. Bg5 d4 9. N1d2 Be7 10. Bxf6 Bxf6 11. Ne4 Be7 12. h4 O-O 13. Qd2 f5 14. Ng5 h6 15. Nh3 Be6 16. Rad1 Qb6 17. Kh1 Rad8 18. Ng1 Bb4 19. Qc1 a5 20. c3 dxc3 21. Rxd8 Rxd8 22. bxc3 Be7 23. Qc2 a4 24. Nd2 e4 25. e3 Ne5 26. Ne2 Qd6 27. Nd4 Bd7 28. Rb1 b5 29. Bf1 Ng4 30. Bxb5 Bxh4 31. Nc4 Qc7 32. Bxd7 Qxd7 33. Nb6 Qf7 34. gxh4 Qh5 35. Kg1 Qxh4 36. Kf1 Nxe3+ 37. fxe3 Qh1+ 38. Ke2 Qg2+ 39. Kd1 Qf1+ 40. Kd2 Qf2+ 41. Kc1 Qxe3+ 42. Qd2 Qg3 43. Kc2 f4 44. Rf1 e3 45. Qd3 e2 46. Qxe2 Qg6+ 47. Kc1 Re8 48. Qb5 Rb8 49. Qc4+ Kh8 50. Ne6 Qg3 51. Qd4 1-0

[Event "Fagernes Chess Open 2024"]
[Site "Fagernes"]
[Date "2024.03.25"]
[Round "2"]
[White "Brattgjerd, August Minh"]
[Black "Agustsson, Hafsteinn"]
[Result "1/2-1/2"]
[ECO "D02"]
[WhiteElo "1689"]
[BlackElo "1825"]
[Annotator "NA RC"]
[PlyCount "55"]
[EventDate "2024.03.25"]
[EventType "swiss"]
[EventCountry "NOR"]
[SourceTitle "playchess.com"]
[Source "ChessBase"]
[SourceQuality "1"]
[TimeControl "40/6000+30:2400+30"]

1. d4 d5 2. Bf4 Nf6 3. e3 e6 4. Bd3 Nbd7 5. Nf3 b6 6. Ne5 Nxe5 7. Bxe5 Bd6 8. Bg3 Bb7 9. Nd2 O-O 10. O-O Rc8 11. Re1 c5 12. c3 Qc7 13. Rc1 e5 14. dxe5 Bxe5 15. Bxe5 Qxe5 16. Nf3 Qd6 17. c4 Rcd8 18. Qe2 Rfe8 19. cxd5 Bxd5 20. Rcd1 Qc7 21. b3 Ne4 22. Qc2 Nf6 23. Qe2 h6 24. h3 Bc6 25. Bb5 Bxb5 26. Qxb5 Ne4 27. Qc4 Qe7 28. Qc2 1/2-1/2

[Event "Fagernes Chess Open 2024"]
[Site "Fagernes"]
[Date "2024.03.26"]
[Round "3.1"]
[White "Kuzmenko, Mykhailo"]
[Black "Kittilsen, Sigurd"]
[Result "1-0"]
[ECO "D00"]
[WhiteElo "1747"]
[BlackElo "1910"]
[Annotator "NA RC"]
[PlyCount "137"]
[EventDate "2024.03.25"]
[EventType "swiss"]
[EventCountry "NOR"]
[SourceTitle "playchess.com"]
[Source "ChessBase"]
[SourceQuality "1"]
[TimeControl "40/6000+30:2400+30"]

1. d4 d5 2. Bf4 h5 3. Nf3 Bg4 4. Nc3 Nc6 5. h3 Bxf3 6. gxf3 e6 7. e3 Bd6 8. Bxd6 cxd6 9. Rg1 Nge7 10. Qd2 Nf5 11. O-O-O Qf6 12. Bb5 Nh4 13. Bxc6+ bxc6 14. Qe2 Nxf3 15. Rg3 Nh4 16. e4 dxe4 17. Nxe4 Qf4+ 18. Kb1 d5 19. Ng5 Nf5 20. Rg2 Nxd4 21. Rxd4 Qxd4 22. Nxe6 Qe4 23. Qxe4 dxe4 24. Nc7+ Kd7 25. Nxa8 g6 26. c4 Rxa8 27. Kc2 Ke6 28. Rg5 Rd8 29. Rc5 Kd6 30. Ra5 Rd7 31. b4 f5 32. h4 f4 33. Rg5 Rg7 34. Kc3 e3 35. fxe3 fxe3 36. Kd3 e2 37. Kxe2 Re7+ 38. Kd3 Re6 39. Ra5 Re7 40. Kd4 Rf7 41. c5+ Ke6 42. Ke4 Rf1 43. Ra6 Re1+ 44. Kd4 Rd1+ 45. Kc4 Rc1+ 46. Kb3 Kd5 47. Rxa7 Rb1+ 48. Ka4 Kc4 49. a3 Re1 50. Rd7 Re8 51. Ra7 g5 52. hxg5 h4 53. Ka5 Rh8 54. Rf7 h3 55. Rf1 h2 56. Rh1 Kb3 57. g6 Kxa3 58. g7 Rg8 59. Rxh2 Rxg7 60. Rh3+ Kb2 61. Kb6 Rg4 62. Kxc6 Rxb4 63. Kc7 Rc4 64. c6 Rg4 65. Kb7 Rb4+ 66. Kc8 Rc4 67. c7 Ka1 68. Rh6 Rh4 69. Rxh4 1-0

[Event "Fagernes Chess Open 2024"]
[Site "Fagernes"]
[Date "2024.03.26"]
[Round "3.2"]
[White "Spanton, Tim R"]
[Black "Lahlum, Ida"]
[Result "1-0"]
[ECO "B51"]
[WhiteElo "1876"]
[BlackElo "1755"]
[Annotator "NA RC"]
[PlyCount "71"]
[EventDate "2024.03.25"]
[EventType "swiss"]
[EventCountry "NOR"]
[SourceTitle "playchess.com"]
[Source "ChessBase"]
[SourceQuality "1"]
[TimeControl "40/6000+30:2400+30"]

1. e4 c5 2. Nf3 d6 3. Bb5+ Nd7 4. d4 cxd4 5. Qxd4 Ngf6 6. Bg5 h6 7. Bxf6 gxf6 8. Nc3 a6 9. Ba4 b5 10. Bb3 Bb7 11. Bd5 Bxd5 12. exd5 Rg8 13. O-O Qb6 14. Rfe1 O-O-O 15. a4 b4 16. Ne2 Kb7 17. a5 Qc5 18. Ra4 Qxd4 19. Nexd4 Rc8 20. Rxb4+ Ka8 21. Re3 Nc5 22. Rb6 Rb8 23. Rxb8+ Kxb8 24. Nc6+ Kc7 25. b4 Nd7 26. Nxe7 Rg4 27. c3 Ne5 28. Nf5 h5 29. h3 Nxf3+ 30. Rxf3 Re4 31. Re3 Re5 32. Rxe5 fxe5 33. f3 Kd7 34. Kf2 Be7 35. Nxe7 Kxe7 36. b5 1-0

[Event "Fagernes Chess Open 2024"]
[Site "Fagernes"]
[Date "2024.03.26"]
[Round "3.3"]
[White "Damiano, Sophie"]
[Black "Strand, Amund Pihl"]
[Result "0-1"]
[ECO "A46"]
[WhiteElo "1691"]
[BlackElo "1860"]
[Annotator "NA RC"]
[PlyCount "64"]
[EventDate "2024.03.25"]
[EventType "swiss"]
[EventCountry "NOR"]
[SourceTitle "playchess.com"]
[Source "ChessBase"]
[SourceQuality "1"]
[TimeControl "40/6000+30:2400+30"]

1. d4 Nf6 2. Nf3 e6 3. g3 c5 4. Bg2 cxd4 5. O-O d5 6. Bf4 Bd6 7. Be5 Bxe5 8. Nxe5 Qb6 9. b3 Nc6 10. Nxc6 bxc6 11. Nd2 O-O 12. Nf3 c5 13. h4 a5 14. Qd2 Ba6 15. Rfe1 Ne4 16. Qf4 Nc3 17. Bf1 Qb8 18. Qg4 Qd6 19. Qh3 Rae8 20. g4 e5 21. e3 Bc8 22. Nh2 f5 23. f3 dxe3 24. Rxe3 d4 25. Ree1 e4 26. Bc4+ Kh8 27. fxe4 fxe4 28. Qg2 Bb7 29. Qh3 e3 30. Be2 Qf4 31. Qf1 Qg3+ 32. Qg2 Qxg2# 0-1

[Event "Fagernes Chess Open 2024"]
[Site "Fagernes"]
[Date "2024.03.26"]
[Round "3.4"]
[White "Odden, Jan Ove"]
[Black "Hausken, Andreas Skrede"]
[Result "0-1"]
[ECO "E46"]
[WhiteElo "1723"]
[BlackElo "1963"]
[Annotator "NA RC"]
[PlyCount "62"]
[EventDate "2024.03.25"]
[EventType "swiss"]
[EventCountry "NOR"]
[SourceTitle "playchess.com"]
[Source "ChessBase"]
[SourceQuality "1"]
[TimeControl "40/6000+30:2400+30"]

1. d4 Nf6 2. c4 e6 3. Nc3 Bb4 4. e3 O-O 5. Nge2 c6 6. a3 Ba5 7. Ng3 d5 8. Bd3 Nbd7 9. O-O Re8 10. cxd5 exd5 11. Bd2 Nf8 12. Rc1 Ng6 13. Nce2 Bc7 14. f3 Bd7 15. e4 dxe4 16. fxe4 Ng4 17. e5 N6xe5 18. Bf4 Nxd3 19. Qxd3 Bxf4 20. Rxf4 Re3 21. Qd2 Qe7 22. h3 Nf6 23. Rc3 Re8 24. Qxe3 Qxe3+ 25. Rxe3 Rxe3 26. Kf2 Rb3 27. Ne4 Nxe4+ 28. Rxe4 Kf8 29. Re3 Rxb2 30. Kg3 Be6 31. Kf4 Bc4 0-1

[Event "Fagernes Chess Open 2024"]
[Site "Fagernes"]
[Date "2024.03.26"]
[Round "3.5"]
[White "Mahendran, T.."]
[Black "Rolstad, Morten"]
[Result "0-1"]
[ECO "C50"]
[WhiteElo "1681"]
[BlackElo "1879"]
[Annotator "NA RC"]
[PlyCount "76"]
[EventDate "2024.03.25"]
[EventType "swiss"]
[EventCountry "NOR"]
[SourceTitle "playchess.com"]
[Source "ChessBase"]
[SourceQuality "1"]
[TimeControl "40/6000+30:2400+30"]

1. e4 e5 2. Nf3 Nc6 3. Bc4 Bc5 4. O-O Nf6 5. d4 Bxd4 6. Nxd4 Nxd4 7. Bg5 Qe7 8. c3 Ne6 9. Bxe6 Qxe6 10. Nd2 d6 11. h3 Bd7 12. f4 exf4 13. Rxf4 Rg8 14. Qf3 O-O-O 15. Bh4 Rdf8 16. Nb3 Qe5 17. Bg3 Re8 18. Re1 Kb8 19. Qd3 Qg5 20. Rf3 Bc6 21. Rfe3 h5 22. Bf2 b6 23. Nd2 Nd7 24. Rg3 Qe7 25. Rge3 Ne5 26. Qe2 g5 27. Bg3 g4 28. h4 Ng6 29. Qf2 Qe6 30. b3 Rgf8 31. e5 d5 32. Bf4 Ne7 33. g3 Nf5 34. R3e2 Rd8 35. Nf1 d4 36. c4 Bb7 37. Rd2 Qc6 38. Qg2 Bc8 0-1

[Event "Fagernes Chess Open 2024"]
[Site "Fagernes"]
[Date "2024.03.26"]
[Round "3.6"]
[White "Agustsson, Hafsteinn"]
[Black "Shehzad, Alina"]
[Result "0-1"]
[ECO "A04"]
[WhiteElo "1825"]
[BlackElo "1670"]
[Annotator "NA RC"]
[PlyCount "82"]
[EventDate "2024.03.25"]
[EventType "swiss"]
[EventCountry "NOR"]
[SourceTitle "playchess.com"]
[Source "ChessBase"]
[SourceQuality "1"]
[TimeControl "40/6000+30:2400+30"]

1. e4 c5 2. Nf3 d6 3. g3 Nc6 4. Bg2 g6 5. O-O Bg7 6. d3 e6 7. c3 Nge7 8. Nbd2 O-O 9. a4 a6 10. Re1 Qc7 11. Nc4 Na5 12. Ne3 Nac6 13. Nc4 Na5 14. Nfd2 Nec6 15. f4 b5 16. Nxa5 Qxa5 17. Nb3 Qb6 18. e5 bxa4 19. Rxa4 Rb8 20. exd6 Na7 21. Nxc5 Qxc5+ 22. Be3 Qxd6 23. Bxa7 Rxb2 24. d4 Qc7 25. Bc5 Bb7 26. Re2 Rxe2 27. Qxe2 Bxg2 28. Qxg2 Rb8 29. Qa2 Qb7 30. Rxa6 Qf3 31. Qc2 Qe3+ 32. Kg2 Bf8 33. Bxf8 Kxf8 34. Rc6 Qe1 35. Kf3 Rb1 36. Kg4 Kg7 37. Rc7 Rc1 38. Qb2 Qd1+ 39. Kh3 Rc2 40. Rxf7+ Kxf7 41. Qb7+ Kf6 0-1

[Event "Fagernes Chess Open 2024"]
[Site "Fagernes"]
[Date "2024.03.26"]
[Round "3.7"]
[White "Sushrutha, Reddy"]
[Black "Yilmaz, Kazim"]
[Result "1-0"]
[ECO "C36"]
[WhiteElo "1707"]
[BlackElo "1805"]
[Annotator "NA RC"]
[PlyCount "131"]
[EventDate "2024.03.25"]
[EventType "swiss"]
[EventCountry "NOR"]
[SourceTitle "playchess.com"]
[Source "ChessBase"]
[SourceQuality "1"]
[TimeControl "40/6000+30:2400+30"]

1. e4 e5 2. f4 exf4 3. Nf3 d5 4. exd5 Qxd5 5. Nc3 Qa5 6. Bc4 Nf6 7. Qe2+ Be7 8. d4 Bg4 9. Bxf7+ Kxf7 10. Ne5+ Ke8 11. Nxg4 Nxg4 12. Qxg4 Qg5 13. Qxg5 Bxg5 14. Nd5 Kd7 15. O-O Rf8 16. Bxf4 Bxf4 17. Nxf4 Rf5 18. Rae1 Nc6 19. c3 g6 20. Nd3 b6 21. Rxf5 gxf5 22. Ne5+ Nxe5 23. Rxe5 Rf8 24. Kf2 Kd6 25. Re2 a5 26. Kf3 b5 27. Kf4 b4 28. c4 c5 29. d5 h5 30. Re6+ Kd7 31. g3 a4 32. h4 Rg8 33. b3 axb3 34. axb3 Rg4+ 35. Kf3 f4 36. gxf4 Rxh4 37. Re3 Rh1 38. f5 h4 39. Kg4 Rf1 40. Rf3 Rh1 41. Rh3 Rg1+ 42. Kxh4 Ke7 43. Rg3 Rc1 44. Kg5 Rc3 45. Kf4 Rc1 46. Re3+ Kf7 47. Ke5 Rc3 48. Ke4 Rc1 49. d6 Rf1 50. Ke5 Rd1 51. Rh3 Ke8 52. Rh8+ Kd7 53. Rh7+ Kc6 54. Rc7+ Kb6 55. f6 Re1+ 56. Kd5 Rd1+ 57. Ke6 Re1+ 58. Kd7 Rf1 59. Rc6+ Kb7 60. Rxc5 Rxf6 61. Rb5+ Ka6 62. Rxb4 Rf7+ 63. Kc6 Ka7 64. d7 Rf8 65. Kc7 Ka6 66. Ra4# 1-0

[Event "Fagernes Chess Open 2024"]
[Site "Fagernes"]
[Date "2024.03.26"]
[Round "3.8"]
[White "Johansson, Henrik"]
[Black "Brattgjerd, August Minh"]
[Result "1/2-1/2"]
[ECO "D05"]
[WhiteElo "1736"]
[BlackElo "1689"]
[Annotator "NA RC"]
[PlyCount "56"]
[EventDate "2024.03.25"]
[EventType "swiss"]
[EventCountry "NOR"]
[SourceTitle "playchess.com"]
[Source "ChessBase"]
[SourceQuality "1"]
[TimeControl "40/6000+30:2400+30"]

1. d4 d5 2. Nf3 Nf6 3. e3 e6 4. Bd3 Bd6 5. b3 Nbd7 6. Bb2 b6 7. Nbd2 c5 8. O-O Bb7 9. Ne5 O-O 10. f4 Ne4 11. Nxe4 dxe4 12. Bc4 cxd4 13. Nxd7 Qxd7 14. Qxd4 f6 15. Rad1 Rfd8 16. Ba3 Bd5 17. Bxd5 Bc5 18. Bxc5 bxc5 19. Bxe6+ Qxe6 20. Qxc5 Rdc8 21. Qa5 Rxc2 22. Rd4 Rac8 23. Rfd1 Rxg2+ 24. Kxg2 Qg4+ 25. Kf1 Qf3+ 26. Ke1 Qxe3+ 27. Kf1 Qf3+ 28. Ke1 Qe3+ 1/2-1/2

[Event "Fagernes Chess Open 2024"]
[Site "Fagernes"]
[Date "2024.03.27"]
[Round "4.1"]
[White "Strand, Amund Pihl"]
[Black "Spanton, Tim R"]
[Result "1-0"]
[ECO "A37"]
[WhiteElo "1860"]
[BlackElo "1876"]
[Annotator "NA RC"]
[PlyCount "83"]
[EventDate "2024.03.25"]
[EventType "swiss"]
[EventCountry "NOR"]
[SourceTitle "playchess.com"]
[Source "ChessBase"]
[SourceQuality "1"]
[TimeControl "40/6000+30:2400+30"]

1. c4 c5 2. Nc3 Nc6 3. g3 g6 4. Bg2 Bg7 5. a3 d6 6. Rb1 a5 7. d3 e5 8. Nf3 Nge7 9. O-O O-O 10. Ne1 f5 11. Bg5 Rb8 12. Nc2 h6 13. Bxe7 Nxe7 14. Ne3 Be6 15. Ned5 Nxd5 16. Nxd5 b5 17. b4 cxb4 18. axb4 Kh7 19. bxa5 Bxd5 20. Bxd5 Qxa5 21. Qb3 bxc4 22. Qxc4 Rfc8 23. Rxb8 Rxb8 24. Qc6 h5 25. e4 Qd8 26. Ra1 f4 27. Ra7 Rb1+ 28. Kg2 f3+ 29. Kxf3 Qf6+ 30. Kg2 Rb2 31. Rf7 Rxf2+ 32. Kg1 Rf1+ 33. Kg2 Rf2+ 34. Kh3 g5 35. Rxf6 g4+ 36. Kh4 Bxf6+ 37. Kxh5 Rxh2+ 38. Kxg4 Kg6 39. Qe8+ Kh6 40. Qe6 Rf2 41. Qf7 Rf1 42. Be6 1-0

[Event "Fagernes Chess Open 2024"]
[Site "Fagernes"]
[Date "2024.03.27"]
[Round "4.2"]
[White "Hausken, Andreas Skrede"]
[Black "Kuzmenko, Mykhailo"]
[Result "1-0"]
[ECO "B12"]
[WhiteElo "1963"]
[BlackElo "1747"]
[Annotator "NA RC"]
[PlyCount "77"]
[EventDate "2024.03.25"]
[EventType "swiss"]
[EventCountry "NOR"]
[SourceTitle "playchess.com"]
[Source "ChessBase"]
[SourceQuality "1"]
[TimeControl "40/6000+30:2400+30"]

1. e4 c6 2. d4 d5 3. e5 c5 4. dxc5 e6 5. Be3 Nc6 6. Nf3 Nge7 7. c3 Nf5 8. Bd4 Nfxd4 9. cxd4 b6 10. b4 a6 11. Nc3 Be7 12. Bd3 h6 13. a3 O-O 14. O-O f6 15. exf6 Bxf6 16. Bc2 Qe7 17. Re1 Qf7 18. Qd3 g5 19. cxb6 Qg7 20. Rad1 g4 21. Ne5 Nxe5 22. dxe5 Bh4 23. Re2 Rb8 24. Qd4 Kh8 25. a4 Rb7 26. a5 Rbf7 27. g3 Be7 28. Na4 h5 29. Nc5 Bxc5 30. bxc5 Bb7 31. Ba4 Rc8 32. Rc2 Bc6 33. Bxc6 Rxc6 34. Qa4 Rc8 35. c6 Qxe5 36. c7 Rff8 37. Qd4 Qxd4 38. Rxd4 e5 39. Rxd5 1-0

[Event "Fagernes Chess Open 2024"]
[Site "Fagernes"]
[Date "2024.03.27"]
[Round "4.3"]
[White "Shehzad, Alina"]
[Black "Sushrutha, Reddy"]
[Result "0-1"]
[ECO "B76"]
[WhiteElo "1670"]
[BlackElo "1707"]
[Annotator "NA RC"]
[PlyCount "48"]
[EventDate "2024.03.25"]
[EventType "swiss"]
[EventCountry "NOR"]
[SourceTitle "playchess.com"]
[Source "ChessBase"]
[SourceQuality "1"]
[TimeControl "40/6000+30:2400+30"]

1. e4 c5 2. Nf3 d6 3. d4 cxd4 4. Nxd4 Nf6 5. Nc3 g6 6. f3 Bg7 7. Be3 O-O 8. Qd2 Nc6 9. O-O-O d5 10. Nxc6 bxc6 11. exd5 Nxd5 12. Nxd5 cxd5 13. Qxd5 Qc7 14. Qc4 Qe5 15. Bd4 Qf4+ 16. Kb1 Be6 17. Qa4 Rfd8 18. c3 Bf5+ 19. Ka1 e5 20. Bb5 exd4 21. cxd4 Rxd4 22. Rxd4 Qxd4 23. Qxd4 Bxd4 24. g4 Rb8 0-1

[Event "Fagernes Chess Open 2024"]
[Site "Fagernes"]
[Date "2024.03.27"]
[Round "4.4"]
[White "Rolstad, Morten"]
[Black "Andersen, Dag"]
[Result "1/2-1/2"]
[ECO "C06"]
[WhiteElo "1879"]
[BlackElo "1899"]
[Annotator "NA RC"]
[PlyCount "70"]
[EventDate "2024.03.25"]
[EventType "swiss"]
[EventCountry "NOR"]
[SourceTitle "playchess.com"]
[Source "ChessBase"]
[SourceQuality "1"]
[TimeControl "40/6000+30:2400+30"]

1. e4 e6 2. d4 d5 3. Nd2 Nf6 4. e5 Nfd7 5. Bd3 c5 6. c3 Nc6 7. Ne2 cxd4 8. cxd4 Qb6 9. Nf3 f6 10. exf6 Nxf6 11. O-O Bd6 12. Bf4 Bxf4 13. Nxf4 O-O 14. Re1 Ne4 15. g3 Qxb2 16. Bxe4 dxe4 17. Rxe4 Nd8 18. Re3 Qb6 19. Ne5 Nf7 20. d5 Nxe5 21. Rxe5 Qd6 22. Qd4 Rf5 23. Rae1 Rxe5 24. Rxe5 Bd7 25. Rg5 Qe7 26. dxe6 Bc6 27. h4 h6 28. Rf5 Rd8 29. Qa1 Qd6 30. Qe1 Qd1 31. Ng2 Qg4 32. Rf4 Qh3 33. f3 Re8 34. Kf2 Qxe6 35. Qxe6+ Rxe6 1/2-1/2

[Event "Fagernes Chess Open 2024"]
[Site "Fagernes"]
[Date "2024.03.27"]
[Round "4.5"]
[White "Kittilsen, Sigurd"]
[Black "Damiano, Sophie"]
[Result "1-0"]
[ECO "B19"]
[WhiteElo "1910"]
[BlackElo "1691"]
[Annotator "RC"]
[PlyCount "101"]
[EventDate "2024.03.25"]
[EventType "swiss"]
[EventCountry "NOR"]
[SourceTitle "playchess.com"]
[Source "ChessBase"]
[SourceQuality "1"]
[TimeControl "40/6000+30:2400+30"]

1. e4 c6 2. d4 d5 3. Nd2 dxe4 4. Nxe4 Bf5 5. Ng3 Bg6 6. h4 h6 7. Nf3 Nd7 8. h5 Bh7 9. Bd3 Bxd3 10. Qxd3 Ngf6 11. Bd2 e6 12. O-O-O b5 13. Ne4 a5 14. Bf4 Nb6 15. Nxf6+ gxf6 16. Rhe1 a4 17. Kb1 Nc4 18. d5 a3 19. dxe6 Qxd3 20. exf7+ Kxf7 21. Rxd3 axb2 22. Nd2 Bb4 23. Rd7+ Kg8 24. Re6 Bc3 25. Nxc4 bxc4 26. Re3 Bb4 27. Kxb2 Rh7 28. Rg3+ Kh8 29. Rxh7+ Kxh7 30. Rg6 Bf8 31. c3 Bg7 32. Rg4 Ra5 33. Bd6 Rb5+ 34. Kc2 Rd5 35. Bc7 Rc5 36. Bd6 Rd5 37. Rd4 Rf5 38. f3 Ra5 39. a3 f5 40. Rxc4 Ra6 41. a4 Kg8 42. Kb3 Bf6 43. Rf4 Ra5 44. Bb4 Re5 45. Rc4 Re6 46. a5 Bg5 47. a6 c5 48. a7 Ra6 49. Bxc5 Bd8 50. Rb4 Bc7 51. Rb8+ 1-0